 Dungeon Crawl Stone Soup version 0.31-a0-1606-g60c5cc7444 (webtiles) character file.

Game seed: 13566852456916952137

285354 Bnni the Hermetic (level 20, -5/164 HPs)
             Began as a Merfolk Alchemist on Jan 7, 2024.
             Was a Priest of Sif Muna.
             Killed by divine providence
             ... invoked by a deep elf high priest
              (12 damage)
             ... on level 3 of the Elven Halls on Jan 9, 2024.
             The game lasted 03:35:58 (42063 turns).

Bnni the Hermetic (Merfolk Alchemist)              Turns: 42063, Time: 03:35:58

Health: -5/164     AC: 15    Str:  8    XL:     20   Next: 61%
Magic:  39/47      EV: 19    Int: 28    God:    Sif Muna [***...]
Gold:   2711       SH: 26    Dex: 16    Spells: 2/48 levels left

rFire   + + +        P - +8 trident of Dim Light {spect, rElec rPois rC+ Stlth+}
rCold   + + +        o - +7 tower shield {rC+ rF+}
rNeg    + + .        I - +0 steam dragon scales
rPois   +            M - +2 helmet
rElec   +            C - scarf {rC+ rF+}
rCorr   .            (no gloves)
SInv    +            m - +2 pair of boots of Cynicism {rF++ Regen+ Int+3}
Will    +....        y - amulet of magic regeneration
Stlth   ++           W - ring "Inutats" {rN++ AC+4 Int+3 Slay-5 SInv}
HPRegen 1.27/turn    T - ring of magical power
MPRegen 0.70/turn

%: no passive effects
@: on fire, slowed, glowing, very slow
A: (nimble swimmer 2), mertail
}: 2/15 runes: decaying, serpentine
a: Renounce Religion, Channel Magic, Forget Spell


You were on level 3 of the Elven Halls.
You worshipped Sif Muna.
Sif Muna was most pleased with you.
You visited 7 branches of the dungeon, and saw 34 of its levels.
You visited the Abyss 1 time.
You also visited: Trove, Bailey and Ice Cave.

You collected 5206 gold pieces.
You spent 2495 gold pieces at shops.

Inventory:

Hand Weapons
 P - the +8 trident of Dim Light (weapon) {spect, rElec rPois rC+ Stlth+}
   (You took it off an orc on level 9 of the Dungeon)

   rC+:       It protects you from cold.
   rElec:     It insulates you from electricity.
   rPois:     It protects you from poison Stlth+: It makes you more stealthy.
Missiles
 L - 30 curare-tipped darts (quivered)
Armour
 l - a +0 troll leather armour
 m - the +2 pair of boots of Cynicism (worn) {rF++ Regen+ Int+3}
   (You acquired it on level 8 of the Dungeon)

   Int+3:     It affects your intelligence (+3).
   rF++:      It greatly protects you from fire.
   Regen+:    It increases your rate of health regeneration.
 o - a +7 tower shield of resistance (worn)
 C - a scarf of resistance (worn)
 I - +0 steam dragon scales (worn)
 M - a +2 helmet (worn)
Magical Staves
 A - a staff of alchemy
Jewellery
 c - a ring of poison resistance
 h - a ring of protection from fire
 q - a ring of ice
 y - an amulet of magic regeneration (around neck)
 H - a ring of resist corrosion
 K - an amulet of regeneration
 T - a ring of magical power (right hand)
 W - the ring "Inutats" (left hand) {rN++ AC+4 Int+3 Slay-5 SInv}
   (You bought it in a shop on level 3 of the Snake Pit)

   [ring of protection]

   AC+4:      It affects your AC (+4).
   Int+3:     It affects your intelligence (+3).
   Slay-5:    It affects your accuracy & damage with ranged weapons and melee
   (-5).
   rN++:      It greatly protects you from negative energy.
   SInv:      It lets you see invisible.
Wands
 a - a wand of digging (6)
 p - a wand of quicksilver (13)
 v - a wand of roots (30)
Scrolls
 d - 18 scrolls of teleportation
 k - 5 scrolls of blinking
 w - 5 scrolls of enchant weapon
 x - a scroll of poison
 z - 7 scrolls of fear
 D - 3 scrolls of silence
 G - 6 scrolls of summoning
 J - 6 scrolls of immolation
 N - 3 scrolls of revelation
 O - 3 scrolls of fog
 V - 2 scrolls of brand weapon
 X - 2 scrolls of amnesia
Potions
 b - 3 potions of magic
 e - 12 potions of brilliance
 f - 3 potions of enlightenment
 g - 9 potions of attraction
 i - 2 potions of resistance
 j - 12 potions of heal wounds
 s - 5 potions of might
 t - 7 potions of haste
 E - 3 potions of ambrosia
 Q - 5 potions of mutation
 R - 2 potions of invisibility
 Y - a potion of cancellation
Miscellaneous
 u - a phial of floods
 B - a lightning rod (4/4)
 U - a phantom mirror


   Skills:
 + Level 15.7 Fighting
 + Level 18.0 Dodging
 - Level 2.1 Stealth
 * Level 15.2 Shields
 + Level 14.6 Spellcasting
 - Level 5.0 Conjurations
 - Level 3.4 Translocations
 * Level 11.2 Ice Magic
 + Level 18.8 Alchemy
 + Level 14.6 Invocations


You had 2 spell levels left.
You knew the following spells:

 Your Spells              Type           Power      Damage    Failure   Level
a - Sculpt Simulacrum     Ice/Alch       40%        N/A       5%          6
b - Blink                 Tloc           78%        N/A       6%          2
d - Olgreb's Toxic Radia  Alch           90%        N/A       1%          4
e - Fulminant Prism       Conj/Alch      36%        3d17      1%          4
f - Sticky Flame          Fire/Alch      65%        2d11      3%          4
g - Eringya's Noxious Bo  Alch           45%        4d6       1%          6
h - Ignite Poison         Fire/Alch      65%        N/A       3%          4
i - Irradiate             Conj/Alch      36%        3d23      3%          5
j - Yara's Violent Unrav  Hex/Alch       32%        3d13      10%         5
x - Alistair's Intoxicat  Alch           60%        N/A       1%          5
z - Apportation           Tloc           78%        N/A       4%          1

Your spell library contained the following spells:

 Spells                   Type           Power      Damage    Failure   Level
 Freeze                   Ice            100%       1d10      1%          1
 Sting                    Conj/Alch      100%       1d9       1%          1
 Cigotuvi's Dreadful Rot  Necr/Alch/Air  100%       N/A       1%          2
 Mercury Vapours          Alch/Air       100%       N/A       1%          2
 Magic Dart               Conj           100%       1d8       2%          1
 Momentum Strike          Conj/Tloc      88%        3d10      4%          2
 Foxfire                  Conj/Fire      100%       2x1d9     6%          1
 Kiss of Death            Conj/Necr      100%       2d13      6%          1
 Shock                    Conj/Air       100%       1d9       6%          1
 Lesser Beckoning         Tloc           78%        N/A       6%          2
 Slow                     Hex            80%        N/A       17%         1
 Call Imp                 Summ           40%        N/A       26%         2
 Scorch                   Fire           40%        2d6       26%         2
 Sublimation of Blood     Necr           20%        N/A       26%         2
 Frozen Ramparts          Ice            100%       1d16      1%          3
 Mephitic Cloud           Conj/Alch/Air  60%        N/A       1%          3
 Ozocubu's Armour         Ice            70%        N/A       1%          3
 Leda's Liquefaction      Alch/Erth      32%        N/A       3%          4
 Petrify                  Alch/Erth      65%        N/A       3%          4
 Dazzling Flash           Conj/Hex       68%        N/A       19%         3
 Stone Arrow              Conj/Erth      68%        3d11      19%         3
 Volatile Blastmotes      Fire/Tloc      60%        2d15      26%         3
 Iskenderun's Mystic Bla  Conj/Tloc      44%        2d10      30%         4
 Manifold Assault         Tloc           39%        N/A       38%         4
 Passage of Golubria      Tloc           39%        N/A       38%         4
 Confusing Touch          Hex            20%        N/A       45%         3
 Fugue of the Fallen      Necr           20%        N/A       45%         3
 Inner Flame              Hex/Fire       20%        N/A       45%         3
 Swiftness                Air            20%        N/A       45%         3
 Tukima's Dance           Hex            20%        N/A       45%         3
 Vampiric Draining        Necr           20%        2d7       45%         3
 Freezing Cloud           Conj/Ice/Air   25%        6-21      47%         5
 Brom's Barrelling Bould  Conj/Erth      34%        2d5       52%         4
 Flame Wave               Conj/Fire      34%        2d10      52%         4
 Dimensional Bullseye     Hex/Tloc       15%        N/A       65%         4
 Vhi's Electric Charge    Tloc/Air       60%        N/A       65%         4
 Ozocubu's Refrigeration  Ice            35%        4d15      83%         7
 Airstrike                Air            10%        2d(2-18)  86%         4
 Anguish                  Hex/Necr       10%        N/A       86%         4
 Animate Armour           Summ/Erth      40%        N/A       86%         4
 Animate Dead             Necr           20%        N/A       86%         4
 Cause Fear               Hex            10%        N/A       86%         4
 Dispel Undead            Necr           20%        3d11      86%         4
 Martyr's Knell           Necr/Summ      20%        N/A       86%         4
 Arcjolt                  Conj/Air       17%        1d27      86%         5
 Summon Forest            Summ/Tloc      15%        N/A       94%         5
 Borgnjor's Vile Clutch   Necr/Erth      10%        N/A       99%         5
 Curse of Agony           Necr           20%        N/A       99%         5
 Conjure Ball Lightning   Conj/Air       17%        3x3d6     100%        6
 Death Channel            Necr           10%        N/A       100%        6
 Dispersal                Tloc           19%        N/A       100%        6
 Enfeeble                 Hex            10%        N/A       100%        7
 Haunt                    Necr/Summ      10%        N/A       100%        7
 Summon Hydra             Summ           10%        N/A       100%        7
 Discord                  Hex            10%        N/A       100%        8
 Disjunction              Tloc           19%        N/A       100%        8
 Ignition                 Fire           10%        3d5       100%        8
 Infestation              Necr           10%        N/A       100%        8
 Lehudib's Crystal Spear  Conj/Erth      17%        10d5      100%        8
 Death's Door             Necr           10%        N/A       100%        9
 Polar Vortex             Ice            35%        12d4*     100%        9


Dungeon Overview and Level Annotations

Branches:
Dungeon (15/15)            Temple (1/1) D:5            Lair (5/5) D:11
  Swamp (4/4) Lair:2        Snake (4/4) Lair:3        Slime (0/5) Lair:4
    Orc (2/2) D:10            Elf (3/3) Orc:2        Vaults (0/5) D:13
 Depths (0/4) D:15         Bailey (visited)           IceCv (visited)

Altars:
Ashenzari
Cheibriados
Dithmenos
Elyvilon
Fedhas
Gozag
Hepliaklqana
Kikubaaqudgha
Makhleb
Nemelex Xobeh
Okawaru
Qazlal
Ru
Sif Muna
Trog
Uskayaw
Vehumet
Wu Jian
Xom
Yredelemnul
Zin
The Shining One
Jiyva

Shops:
D:8 ?   D:15 :   Orc:1 *   Orc:2 ![?:   Elf:2 (   Elf:3 (   Snake:1 ::=
Snake:3 =   Snake:4 *

Portals:
Pandemonium: Orc:2

Annotations:
D:8 3 runed translucent doors, vurker's ghost, novice DjAE
Temple 2 transporters


Innate Abilities, Weirdness & Mutations

((You are very nimble when in or above water. (Stealth+, EV+, Speed+++)))
Your lower body shifts to a powerful aquatic tail in water.


Message History

Blink to where?
Press: ? - help, Dir - move target
Found fourteen items.
As you read the scroll of blinking, it crumbles to dust.
The liquid fire burns you!
The Executioner gestures.
The Executioner seems to speed up.
The deep elf pyromancer mumbles some strange words.
The deep elf pyromancer blinks!
Found a smoking leather armour, a gnarled smoking staff and a glowing shortbow.
You shake off some of the fire as you move.
The liquid fire burns you!
Your life is in your own hands again!
You step away from death's doorway.
You feel sick.
You are no longer poisoned.
You see here the +1 scale mail of Hopscotch {Rampage rN++ Str-3 Slay+5}.
Blink to where?
Press: ? - help, Dir - move target A deep elf sorcerer comes into view.
It is wielding the staff of Acoepad {Int+2 Conj Fire}.
Found seven items.
As you read the scroll of blinking, it crumbles to dust.
The liquid fire burns you!
* * * LOW HITPOINT WARNING * * *
Your surroundings suddenly seem different.
The deep elf demonologist seems less brilliant.
The deep elf annihilator seems less brilliant.
The lost soul fades away!
The deep elf demonologist seems less brilliant.
The deep elf annihilator mumbles some strange words.
The deep elf annihilator blinks!
The ghostly deep elf high priest prays to its god.
The ghostly deep elf high priest begins emitting a brilliant aura!
The deep elf demonologist is empowered by the ghostly deep elf high priest's aura!
The deep elf annihilator is empowered by the ghostly deep elf high priest's aura!
The deep elf demonologist is empowered by the ghostly deep elf high priest's aura!
The deep elf sorcerer casts a spell.
The deep elf sorcerer seems to speed up.
The deep elf high priest mumbles some strange prayers to its god against you.
Something smites you!
You die...

............!..
.##.................
........e...........
.........e12......⌠.
.......e.............
##....*###..§...##)).
.##......)##..)#.##)).
..........e#1#$##e†...
.......@.e.§e##1.e....
.........ee3.*.4......
.##....4..eee33†..)...
###.4e..4.#).#
###....##1)#
#######*1# #.*# #(.#
#..#


You could see a Tzitzimitl (summoned), a ghostly deep elf death mage (wandering,
empowered), 2 deep elf annihilators, a deep elf sorcerer (fast, empowered), 2
sun demons, 2 deep elf demonologists, an orange demon (summoned), a ghostly deep
elf archer (empowered, repels missiles), 2 deep elf high priests, a ghostly deep
elf high priest (brilliance aura), an ice devil (summoned), a deep elf
pyromancer (empowered), a smoke demon (summoned), a red devil (summoned) and 2
lost souls.

Vanquished Creatures
  Bai Suzhen (Swamp:3)
  Vashnia (Snake:4)
  Mlioglotl (Swamp:3)
  Asterion (Elf:3)
  2 deep elf blademasters (Elf:3)
  Roxanne (Snake:1)
  3 thorn hunters
  The ghost of temujin the Devastator, an adept HuCj of Sif Muna (Elf:2)
  The ghost of Lanyett the Spry, an adept OpSh of Hepliaklqana (Snake:4)
  6 nagarajas
  Donald (Swamp:3)
  3 deep elf sorcerers
  An emperor scorpion (D:15)
  Louise (Swamp:3)
  2 deep elf elementalists
  A reaper (IceCv)
  3 deep elf demonologists
  3 eleionomae
  A dire elephant (D:15)
  5 deep elf death magi
  5 bunyips
  2 deep elf annihilators (Elf:3)
  Snorg (Lair:3)
  An ettin (D:13)
  21 hydras
  3 deep elf high priests (Elf:3)
  4 ghost crabs
  5 centaur warriors
  3 salamander tyrants
  An ogre mage (D:11)
  20 anacondas
  4 boulder beetles
  10 two-headed ogres
  A merfolk avatar (Lair:5)
  3 demonspawn (Orc:2)
  4 tengu warriors
  16 dancing weapons
  5 alligators
  20 naga warriors
  16 naga sharpshooters
  9 shock serpents
  Nergalle (Orc:1)
  8 deep elf knights
  11 orc high priests
  3 skysharks
  A skeletal warrior (D:11)
  A soul eater (Orc:2)
  5 salamander mystics
  4 goliath frogs
  Amaemon (D:10)
  3 spriggan druids
  A sun moth (shapeshifter) (D:14)
  3 sea snakes (Snake:1)
  An obsidian statue (Snake:4)
  4 naga ritualists
  6 mana vipers
  10 swamp dragons
  13 bog bodies
  14 deep elf archers
  33 deep elf pyromancers
  23 deep elf zephyrmancers
  6 orc sorcerers
  A wolf spider (D:12)
  6 orc knights
  23 salamanders
  3 ugly things
  7 oklob plants (Lair:4)
  A will-o-the-wisp (Swamp:4)
  5 manticores
  Maurice (D:10)
  4 cyclopes
  12 elephants
  3 ice statues
  28 black mambas
  10 guardian serpents
  A kobold blastminer (Orc:2)
  2 rust devils (Orc:2)
  An orange demon (D:10)
  15 naga magi
  A torpor snail (Lair:4)
  4 gargoyles
  2 unseen horrors
  15 cane toads
  A kobold demonologist (D:9)
  8 rime drakes
  3 freezing wraiths
  5 anaconda simulacra (IceCv)
  6 komodo dragons
  An efreet (D:12)
  5 ice devils (IceCv)
  A tengu conjurer (D:15)
  5 polar bears
  9 trolls
  2 polar bears (shapeshifter)
  A wind drake (Lair:5)
  15 blink frogs
  8 tyrant leeches
  2 hellwings
  A snapping turtle (Lair:5)
  16 hornets
  A raiju (shapeshifter) (D:9)
  3 dream sheep (Lair:4)
  3 air elementals
  A centaur simulacrum (D:15)
  A culicivora (shapeshifter) (D:13)
  12 spriggans
  15 slime creatures
  A shadow (D:7)
  4 water elementals
  3 dire elephant simulacra (IceCv)
  3 wyverns
  2 wraiths
  36 yaks
  5 basilisks
  5 fire elementals
  6 wargs
  23 vampire mosquitoes
  Grum (D:10)
  4 steam dragons
  A chaos spawn (Orc:2)
  2 death yak simulacra (IceCv)
  44 nagas
  5 acid dragons
  6 swamp worms
  A harpy simulacrum (IceCv)
  A hydra simulacrum (IceCv)
  12 water moccasins
  11 swamp drakes
  5 ice beasts
  A black bear (D:7)
  A black bear (shapeshifter) (D:12)
  37 orc warriors
  5 boggarts (D:15)
  7 ogres
  14 wolves
  3 laughing skulls
  15 centaurs
  11 kobold brigands
  19 bullfrogs
  5 scorpions
  A two-headed ogre simulacrum (IceCv)
  3 earth elementals
  4 gnoll sergeants
  10 wights
  2 elephant simulacra (IceCv)
  9 killer bees
  6 howler monkeys
  7 electric eels
  2 bombardier beetles
  A crimson imp (D:6)
  31 orc priests
  A gnoll bouda (D:5)
  4 hounds
  2 jellies (D:5)
  Ijyb (D:3)
  3 iguanas
  23 orc wizards
  18 gnolls
  7 adders
  A shadow imp (D:8)
  A white imp (IceCv)
  8 ufetubi
  2 dart slugs
  A ribbon worm (D:5)
  94 orcs
  5 ball pythons
  10 endoplasms
  6 giant cockroaches
  16 goblins
  5 hobgoblins
  5 jackals
  3 quokkas
  2 bats
  A frilled lizard (D:2)
  40 kobolds
  A butterfly (D:5)
  2 fulminant prisms
1252 creatures vanquished.

Vanquished Creatures (collateral kills)
  the Lernaean hydra (Swamp:4)
  A shambling mangrove (Swamp:4)
  5 hydras
  A goliath frog (Swamp:4)
  2 swamp dragons (Swamp:4)
  A spriggan druid (Swamp:4)
  A bog body (Swamp:4)
  An arcanist (D:12)
  2 slime creatures (D:15)
  A tyrant leech (Swamp:4)
  A vampire mosquito (D:15)
  A swamp drake (Swamp:4)
18 creatures vanquished.

Vanquished Creatures (others)
  A black mamba (Snake:3)
  3 bloated husks (Swamp:2)
  6 foxfires (Swamp:4)
  149 fulminant prisms
  21 spectral weapons
180 creatures vanquished.

Grand Total: 1450 creatures vanquished

Notes
Turn   | Place    | Note
-------+----------+-------------------------------------------
     0 | D:1      | Bnni the Merfolk Alchemist began the quest for the Orb.
     0 | D:1      | Reached XP level 1. HP: 13/13 MP: 3/3
   165 | D:1      | Reached XP level 2. HP: 20/20 MP: 3/5
   258 | D:1      | You fall into a shaft and drop 1 floor!
   295 | D:2      | Learned a level 2 spell: Mercury Vapours
   360 | D:2      | Reached skill level 1 in Fighting
   929 | D:1      | Reached XP level 3. HP: 26/26 MP: 1/6
  1362 | D:2      | Reached skill level 5 in Alchemy
  1362 | D:2      | Reached XP level 4. HP: 21/33 MP: 3/7
  1506 | D:2      | Learned a level 4 spell: Olgreb's Toxic Radiance
  2028 | D:3      | Reached XP level 5. HP: 38/38 MP: 5/9
  2435 | D:3      | Noticed Ijyb
  2460 | D:3      | Killed Ijyb
  2461 | D:3      | Reached skill level 1 in Shields
  3252 | D:4      | Identified the +0 scale mail of Imperfection {rElec rF+
                  | Slay+2}
  3793 | D:5      | Entered Level 5 of the Dungeon
  3889 | D:5      | Reached XP level 6. HP: 46/46 MP: 2/10
  4502 | D:5      | Noticed a water moccasin
  4525 | D:5      | HP: 3/69 [water moccasin (2)]
  4528 | D:5      | Killed a water moccasin
  4529 | D:5      | Reached XP level 7. HP: 6/52 MP: 1/12
  4828 | D:5      | Found a staircase to the Ecumenical Temple.
  5100 | D:5      | Reached XP level 8. HP: 60/60 MP: 8/13
  5268 | Temple   | Found a transporter.
  5268 | Temple   | Found a transporter.
  5268 | Temple   | Found a transporter.
  5268 | Temple   | Found a transporter.
  5268 | Temple   | Entered the Ecumenical Temple
  5285 | Temple   | Became a worshipper of Sif Muna the Loreminder
  6456 | D:6      | Reached skill level 5 in Shields
  6876 | D:5      | Reached XP level 9. HP: 60/67 MP: 8/16
  6932 | D:6      | Reached * piety under Sif Muna
  6933 | D:6      | Reached skill level 5 in Fighting
  6933 | D:6      | Reached skill level 10 in Alchemy
  7203 | D:6      | Found a glowing silver altar of Zin.
  7387 | D:6      | Found a burning altar of Makhleb.
  7387 | D:6      | Found a shimmering altar of Xom.
  7480 | D:6      | Learned a level 3 spell: Mephitic Cloud
  7483 | D:6      | Learned a level 2 spell: Blink
  7701 | D:7      | Reached skill level 5 in Spellcasting
  7773 | D:7      | Reached skill level 1 in Invocations
  8076 | D:7      | Noticed a skeletal warrior
  8147 | D:7      | Reached skill level 5 in Dodging
  8538 | D:7      | Learned a level 4 spell: Sticky Flame
  8575 | D:8      | Reached skill level 1 in Translocations
  8594 | D:8      | Found a flagged portal.
  8635 | Bailey   | Entered a bailey
  8652 | Bailey   | Reached ** piety under Sif Muna
  8918 | Bailey   | Found an iron altar of Okawaru.
  9325 | D:8      | Reached XP level 10. HP: 76/76 MP: 10/18
  9525 | D:8      | Found Jifeoh's Magic Scroll Shoppe.
  9533 | D:8      | Bought a scroll of identify for 26 gold pieces
  9533 | D:8      | Bought a scroll of identify for 26 gold pieces
  9639 | D:8      | Found a large runed translucent door.
  9639 | D:8      | Found a large runed translucent door.
  9748 | D:8      | Found a large runed translucent door.
  9748 | D:8      | Found a large runed translucent door.
  9905 | D:8      | Identified a scroll of acquirement
  9906 | D:8      | Acquired the +2 pair of boots of Cynicism {rF++ Regen+
                  | Int+3}
  9928 | D:8      | Noticed a brown ugly thing
  9932 | D:8      | Noticed a four-headed hydra
  9934 | D:8      | Killed a brown ugly thing
  9947 | D:8      | Killed a four-headed hydra
 10372 | D:8      | Found a runed translucent door.
 10372 | D:8      | Found a shimmering altar of Xom.
 10372 | D:8      | Noticed vurker's ghost (novice DjAE)
 10373 | D:8      | Noticed a +0 spear of chaos
 10920 | D:9      | Reached *** piety under Sif Muna
 10972 | D:9      | Found a hazy altar of Hepliaklqana.
 10981 | D:9      | Noticed a two-headed ogre
 10992 | D:9      | Killed a two-headed ogre
 10993 | D:9      | Reached XP level 11. HP: 24/84 MP: 0/20
 11254 | D:9      | Reached skill level 5 in Invocations
 11427 | D:9      | Noticed a centaur warrior
 11433 | D:9      | Killed a centaur warrior
 11780 | D:9      | Noticed a green ugly thing
 11900 | D:9      | Killed a green ugly thing
 12474 | D:9      | Noticed a five-headed hydra
 12480 | D:9      | Identified the +8 trident of Dim Light {spect, rElec rPois
                  | rC+ Stlth+}
 12488 | D:9      | Killed a five-headed hydra
 12612 | D:9      | Noticed a boulder beetle
 12618 | D:9      | Killed a boulder beetle
 12809 | D:10     | Entered Level 10 of the Dungeon
 12844 | D:10     | Reached **** piety under Sif Muna
 12933 | D:10     | Found a radiant altar of Vehumet.
 12945 | D:10     | Noticed Amaemon
 12953 | D:10     | Killed Amaemon
 13056 | D:10     | Noticed Grum
 13061 | D:10     | Reached XP level 12. HP: 94/94 MP: 19/23
 13101 | D:10     | Killed Grum
 13119 | D:10     | Found a staircase to the Orcish Mines.
 13160 | D:10     | Noticed Maurice
 13166 | D:10     | Killed Maurice
 13321 | D:10     | Identified the +2 leather armour of Failure {*Slow rPois
                  | rC+ Str+5}
 13777 | D:10     | Paralysed by you for 4 turns
 13821 | D:11     | Found the +7 captain's cutlass {speed, disarm}
 13838 | D:11     | Reached skill level 15 in Alchemy
 13874 | D:11     | Noticed a five-headed hydra
 13883 | D:11     | Killed a five-headed hydra
 14092 | D:11     | Reached ***** piety under Sif Muna
 14109 | D:11     | Reached skill level 10 in Dodging
 14341 | D:11     | Found a staircase to the Lair.
 14345 | D:11     | Noticed a two-headed ogre
 14346 | D:11     | Noticed an ogre mage
 14347 | D:11     | Noticed a two-headed ogre
 14348 | D:11     | Noticed a two-headed ogre
 14356 | D:11     | Killed a two-headed ogre
 14356 | D:11     | Noticed a two-headed ogre
 14357 | D:11     | Killed a two-headed ogre
 14358 | D:11     | Killed a two-headed ogre
 14358 | D:11     | Received a gift from Sif Muna
 14359 | D:11     | Killed an ogre mage
 14372 | D:10     | Learned a level 6 spell: Eringya's Noxious Bog
 14378 | D:10     | Learned a level 5 spell: Alistair's Intoxication
 14622 | D:11     | Killed a two-headed ogre
 14970 | D:11     | Reached XP level 13. HP: 75/103 MP: 25/25
 15156 | D:11     | Reached skill level 10 in Fighting
 15988 | D:13     | Found a frozen archway.
 16081 | IceCv    | Entered an ice cave
 16558 | IceCv    | Noticed a reaper
 16565 | IceCv    | Killed a reaper
 17073 | D:13     | Received a gift from Sif Muna
 17100 | D:13     | Got Sif Muna's Grimoire of the Scorpion and Anthracomancy
                  | {god gift}
 17106 | D:13     | Learned a level 4 spell: Fulminant Prism
 17148 | D:13     | Reached XP level 14. HP: 95/113 MP: 27/27
 17491 | D:13     | Found a gate to the Vaults.
 17496 | D:13     | Upgraded the game from 0.31-a0-1597-ge7908ec95f to
                  | 0.31-a0-1606-g60c5cc7444
 18885 | D:15     | Entered Level 15 of the Dungeon
 19005 | D:15     | Reached skill level 10 in Invocations
 19044 | D:15     | Noticed an emperor scorpion
 19064 | D:15     | Killed an emperor scorpion
 19078 | D:15     | Noticed a dire elephant
 19094 | D:15     | Killed a dire elephant
 19398 | Lair:1   | Entered Level 1 of the Lair of Beasts
 19450 | Lair:1   | Reached skill level 10 in Spellcasting
 19761 | Lair:1   | Received a gift from Sif Muna
 19781 | Lair:1   | Got Sif Muna's Parchment of the Noxious Volley {god gift}
 19789 | Lair:1   | Learned a level 4 spell: Ignite Poison
 20608 | Lair:2   | Identified the +0 rapier of the Hugging Moth {drain, rN+}
 20974 | Lair:2   | Reached skill level 1 in Ice Magic
 21162 | Lair:2   | Found a staircase to the Swamp.
 21458 | Lair:3   | Noticed Snorg
 21473 | Lair:3   | Killed Snorg
 21684 | Lair:3   | Reached XP level 15. HP: 120/120 MP: 28/29
 21990 | Lair:3   | Found a staircase to the Snake Pit.
 22717 | Lair:4   | Found a viscous altar of Jiyva.
 23227 | Lair:4   | Found an iron altar of Okawaru.
 23327 | Lair:4   | Found a staircase to the Slime Pits.
 23493 | Lair:5   | Entered Level 5 of the Lair of Beasts
 23508 | Lair:5   | Received a gift from Sif Muna
 23554 | Lair:5   | Got Sif Muna's Secrets of Translocational Spectres {god
                  | gift}
 23557 | Lair:5   | Learned a level 1 spell: Apportation
 24128 | Lair:5   | Identified the +2 leather armour of the Abyss {-Tele +Inv
                  | Int+3}
 24979 | Orc:1    | Entered Level 1 of the Orcish Mines
 25035 | Orc:1    | Noticed Nergalle
 25044 | Orc:1    | Killed Nergalle
 25181 | Orc:1    | Found Afyonk's General Store.
 25195 | Orc:1    | Bought a scroll of identify for 26 gold pieces
 25406 | Orc:2    | Entered Level 2 of the Orcish Mines
 25418 | Orc:2    | Found a staircase to the Elven Halls.
 25974 | Orc:2    | Found Fiep's Magic Scroll Boutique.
 25976 | Orc:2    | Found Mudadgh's Distillery.
 25977 | Orc:2    | Received a gift from Sif Muna
 25990 | Orc:2    | Got Neisedd's Omnibus of the Swarm and Hail {god gift}
 26206 | Orc:2    | Bought a scroll of identify for 24 gold pieces
 26353 | Orc:2    | Reached XP level 16. HP: 125/129 MP: 23/30
 26731 | Orc:2    | Reached skill level 5 in Ice Magic
 26895 | Orc:2    | Reached skill level 10 in Shields
 27037 | Orc:2    | Found Faublal's Book Emporium.
 27037 | Orc:2    | Found Odia's Antique Armour Shoppe.
 27052 | Orc:2    | Found a one-way gate leading to the halls of Pandemonium.
 27056 | Orc:2    | Bought a glowing helmet for 210 gold pieces
 27286 | Snake:1  | Entered Level 1 of the Snake Pit
 27709 | Snake:1  | Noticed Roxanne
 27776 | Snake:1  | Found a runed translucent door.
 28094 | Snake:1  | Killed Roxanne
 28247 | Snake:1  | Found Puschif's Jewellery Shoppe.
 28247 | Snake:1  | Found Omapen's Book Boutique.
 28248 | Snake:1  | Found Davvy's Book Boutique.
 28254 | Snake:1  | Bought a book of Spontaneous Combustion for 608 gold pieces
 28261 | Snake:1  | Learned a level 5 spell: Irradiate
 28263 | Snake:1  | Bought an amulet of magic regeneration for 480 gold pieces
 28270 | Snake:1  | Bought Great Wizards, Vol. VII for 450 gold pieces
 28578 | Snake:1  | Reached skill level 15 in Dodging
 28994 | Snake:2  | Reached skill level 1 in Conjurations
 29288 | Snake:2  | Received a gift from Sif Muna
 29300 | Snake:2  | Got Sif Muna's Tome of Fetching Injury {god gift}
 29996 | Snake:2  | Reached XP level 17. HP: 109/137 MP: 32/32
 30540 | Snake:3  | Learned a level 5 spell: Yara's Violent Unravelling
 31102 | Snake:3  | Found Let Ruorgh's Jewellery Shoppe.
 31124 | Snake:3  | Bought the ring "Inutats" {rN++ AC+4 Int+3 Slay-5 SInv} for
                  | 645 gold pieces
 31732 | Snake:4  | Entered Level 4 of the Snake Pit
 31862 | Snake:4  | Received a gift from Sif Muna
 32082 | Snake:4  | Found a runed translucent gate.
 32082 | Snake:4  | Found a runed translucent gate.
 32083 | Snake:4  | Found a runed translucent gate.
 32084 | Snake:4  | Found an opulent altar of Gozag.
 32089 | Snake:4  | Found Mojovow's Assorted Antiques.
 32089 | Snake:4  | Noticed Lanyett's ghost (adept OpSh)
 32131 | Snake:4  | Killed Lanyett's ghost
 32674 | Snake:4  | Reached skill level 5 in Conjurations
 32687 | Snake:4  | Reached XP level 18. HP: 137/146 MP: 11/34
 32773 | Snake:4  | Noticed Vashnia
 32949 | Snake:4  | Killed Vashnia
 33227 | Snake:4  | Received a gift from Sif Muna
 33230 | Snake:4  | Got Sif Muna's Enchiridion on Anathema and Toxicants {god
                  | gift}
 33407 | Snake:4  | Got a serpentine rune of Zot
 33907 | Swamp:1  | Entered Level 1 of the Swamp
 35927 | Swamp:3  | Received a gift from Sif Muna
 35928 | Swamp:3  | Got Sif Muna's Omnibus of Unholy Spells and Hoarfrost {god
                  | gift}
 35987 | Swamp:3  | Noticed Louise
 35995 | Swamp:3  | Noticed Mlioglotl
 35997 | Swamp:3  | Killed Louise
 36008 | Swamp:3  | Killed Mlioglotl
 36009 | Swamp:3  | Identified the +3 kite shield "Fazefed" {+Blink rPois Int+2
                  | Dex-4}
 36009 | Swamp:3  | Noticed Donald
 36014 | Swamp:3  | Killed Donald
 36172 | Swamp:3  | Noticed Bai Suzhen
 36242 | Swamp:3  | Killed Bai Suzhen
 36464 | Swamp:4  | Entered Level 4 of the Swamp
 36503 | Swamp:4  | Reached XP level 19. HP: 63/153 MP: 9/36
 37048 | Swamp:4  | Learned a level 6 spell: Sculpt Simulacrum
 37114 | Swamp:4  | Noticed the 27-headed Lernaean hydra
 37124 | Swamp:4  | Killed the 27-headed Lernaean hydra
 37138 | Swamp:4  | Got a decaying rune of Zot
 37332 | Swamp:4  | Got Sif Muna's Directory of Numb Degeneration
 37453 | Swamp:4  | Identified the +5 scale mail of the Abyss {rF+ Int+2 Dex-3}
 37630 | Swamp:4  | Reached skill level 15 in Fighting
 38678 | D:15     | Found Tiluumoo's Book Boutique.
 38792 | D:15     | Received a gift from Sif Muna
 38793 | D:15     | Got Hiuziame's Verses on the Chilling Lithosphere {god
                  | gift}
 38953 | D:15     | Found a staircase to the Depths.
 39476 | Elf:1    | Entered Level 1 of the Elven Halls
 39762 | Elf:1    | Paralysed by an air elemental for 1 turns
 39846 | Elf:1    | Paralysed by an air elemental for 1 turns
 40009 | Abyss:3  | Cast into level 3 of the Abyss (a deep elf sorcerer)
 40053 | Elf:1    | Escaped the Abyss
 40260 | Elf:1    | Reached skill level 10 in Ice Magic
 40452 | Elf:2    | Reached XP level 20. HP: 150/162 MP: 38/38
 40487 | Elf:2    | Found a runed translucent gate.
 40487 | Elf:2    | Found a runed translucent gate.
 40489 | Elf:2    | Found a runed translucent gate.
 40500 | Elf:2    | Noticed temujin's ghost (adept HuCj)
 40553 | Elf:2    | Received a gift from Sif Muna
 40554 | Elf:2    | Got Sif Muna's Secrets of Enchanted Fumes {god gift}
 40694 | Elf:2    | Found Nehah's Weapon Shoppe.
 41298 | Elf:2    | Killed temujin's ghost
 41366 | Elf:3    | Entered Level 3 of the Elven Halls
 41469 | Elf:3    | Found Rubre's Weapon Shop.
 41489 | Elf:3    | Found a portal to a secret trove of treasure.
 41534 | Elf:3    | You paid a toll of 14 potions of curing to enter a treasure
                  | trove
 41535 | Trove    | Entered a treasure trove
 41537 | Trove    | Found the +8 longbow "Zephyr" {speed, Dex+3 SInv}
 41539 | Trove    | Identified the +8 arbalest "Niar" {drain, rC+ Str+3}
 41542 | Trove    | Identified the +10 arbalest of Xaprits {speed, Int+3}
 41544 | Trove    | Identified the +3 robe of Eguosaq {Str+3}
 41550 | Trove    | Identified the +8 fire dragon scales "Zoetaceo" {+Inv rElec
                  | rF++ rC- rN+ Dex+3}
 41552 | Trove    | Identified the +0 leather armour "Wyxt" {Dex+7}
 41675 | Elf:3    | Noticed Asterion
 41686 | Elf:3    | Killed Asterion
 41687 | Elf:3    | Reached skill level 15 in Shields
 42053 | Elf:3    | Noticed a Tzitzimitl
 42056 | Elf:3    | Noticed a Tzitzimitl
 42062 | Elf:3    | Identified the +1 scale mail of Hopscotch {Rampage rN++
                  | Str-3 Slay+5}
 42063 | Elf:3    | Identified the staff of Acoepad {Int+2 Conj Fire}
 42063 | Elf:3    | HP: 5/164 [burnt (6)]
 42063 | Elf:3    | Killed from afar by a deep elf high priest

Illustrated notes

Levels and vault maps discovered:
D:1:      minmay_arrival_checkered_box, layout_rooms, minmay_pentomino_x2
D:2:      layout_basic, amethyst_killhole
D:3:      kennysheep_goblin_castle, layout_loops_cross,
          amcnicky_mini_corridor_feature
D:4:      minmay_door_path, layout_loops_corners
D:5:      minmay_thinvault, layout_basic, minmay_temple_entry_butterflies
D:6:      layout_cave_pools, mainiacjoe_overflow_concentric_impassable,
          grunt_temple_overflow_champion_of_chaos
D:7:      minmay_chambers_of_sixes, layout_basic
D:8:      layout_basic, enter_bailey_8, ebering_ghost_xom, special_room
          [special_room_orc], serial_shops, shop, minmay_hollow_rounded_squares
D:9:      nzn_winding_woodlands_cross
          [nzn_winding_woodlands_5x15_pathside_ponds,
          nzn_winding_woodlands_5x15_crooked,
          nzn_winding_woodlands_5x15_sawtooth,
          nzn_winding_woodlands_5x15_zeroes,
          nzn_winding_woodlands_15x15_boxy_spiral], layout_irregular_city,
          nicolae_hepliaklqana_hazy_memory, serial_rivers,
          chequers_serial_rivers_large_b, chequers_serial_rivers_small_b,
          chequers_serial_rivers_marsh, chequers_serial_rivers_room_a,
          chequers_serial_rivers_small_b, chequers_serial_rivers_small_a
D:10:     layout_irregular_city, fiery_altar_vehumet, erik_orc_2, minivault_22,
          uniq_maurice, uniq_amaemon, uniq_grum
D:11:     wad_woods_settlement, layout_basic, erik_lair_orcish_takeover
D:12:     minmay_dotted_concentric_squares, layout_gridville, serial_rivers,
          chequers_serial_rivers_small_b, chequers_serial_rivers_micro_e,
          chequers_serial_rivers_room_b, chequers_serial_rivers_micro_d
D:13:     layout_gridville, david_vaults_4, portal_ice_cave_entry_pillars_1,
          minivault_16
D:14:     layout_basic, minmay_misc_feat_hallway, serial_bayou_lagoon_b
D:15:     hangedman_depths_entry_try_elsewhere_first, layout_loops_ring,
          serial_shops, nicolae_book_shop_shelving, pond
Temple:   hellmonk_temple_divided_pantheon
Lair:1:   layout_long_grid
Lair:2:   layout_chaotic_city, nicolae_swamp_entry_splash_gauntlet,
          wad_woods_road_03, grunt_megastairs_1, infiniplex_staircase_pool
Lair:3:   layout_roguey, guppyfry_snake_entry_island, serial_bayou_shore_b,
          uniq_snorg
Lair:4:   minmay_lair_oklob_chamber, layout_misc_corridors,
          minmay_slime_entry_oklob_open, basic_altar
Lair:5:   gammafunk_lair_ancient_temple, layout_cave_pods
Swamp:1:  layout_falls_marsh, evilmike_swamp_ruin_rubble_2, swamp_pool_5
Swamp:2:  layout_basic_swamp, evilmike_swamp_ruin_wall, swamp_pool_5,
          hangedman_swamp_lotus
Swamp:3:  layout_basic_swamp, evilmike_swamp_ruin_house_5, swamp_pool_1_2,
          uniq_louise, uniq_donald, uniq_mlioglotl, uniq_bai_suzhen
Swamp:4:  grunt_swamp_rune_castle, layout_basic_swamp
Snake:1:  layout_gridlike, st_stairs_4, lightli_airlock, minmay_shop_grove,
          serial_bayou_shore_a, uniq_roxanne
Snake:2:  layout_chambers
Snake:3:  layout_basic, nicolae_snake_salamander_jacuzzi, minmay_shop_star,
          grunt_megastairs_4
Snake:4:  grunt_snake_rune_serpentine_throne, layout_cave_town,
          ebering_ghost_gozag, nicolae_twisty_statue_hallways
Orc:1:    layout_caves, serial_shops, nicolae_shop_back_alley_shop, shop,
          nicolae_shop_just_a_little_nook, nicolae_orc_rockfall, uniq_gastronok,
          uniq_nergalle
Orc:2:    pf_orc_diabolical, layout_caves
Elf:1:    nicolae_elf_arrival_no_cutting_in_line, layout_geoelf_diagonals,
          minmay_elf_crystal_hexagon
Elf:2:    nicolae_elf_blades_crystal_corner, layout_loops_corners, serial_shops,
          nicolae_shop_real_fake_doors, gammafunk_ghost_split
Elf:3:    minmay_elf_hall_spiked, layout_geoelf_octagon,
          nicolae_trove_entry_crossroad, serial_shops, shop, uniq_asterion

Skill      XL: |  1  2  3  4  5  6  7  8  9 10 11 12 13 14 15 16 17 18 19 20 |
---------------+-------------------------------------------------------------+-----
Fighting       | 1 2 3 4 6 7 8 9 11 12 13 14 15 | 15.7
Alchemy        | 5 6 7 8 9 10 12 14 16 17 18 | 18.8
Shields        | 2 3 4 5 7 9 11 12 13 14 15 | 15.2
Spellcasting   | 3 4 5 6 7 8 9 10 11 12 13 14 | 14.6
Dodging        | 3 5 7 9 10 12 13 14 15 16 17 18 | 18.0
Invocations    | 2 4 6 7 9 10 11 12 13 14 | 14.6
Translocations | 2 3 |  3.4
Ice Magic      | 1 4 6 7 8 10 11 | 11.2
Conjurations   | 2 5 |  5.0
Stealth        | |  2.1

Action                     |  1- 3 |  4- 6 |  7- 9 | 10-12 | 13-15 | 16-18 | 19-21 || total
---------------------------+-------+-------+-------+-------+-------+-------+-------++-------
  Melee: Mace              |    15 |     5 |       |       |       |       |       ||    20
         Punch             |     1 |       |       |       |       |       |       ||     1
         Staff             |       |    17 |    76 |    77 |       |       |       ||   170
         Whip              |       |    10 |    62 |       |       |       |       ||    72
         Trident           |       |       |       |   173 |   541 |   523 |   321 ||  1558
         Tailslap          |       |       |       |       |     3 |    16 |     5 ||    24
   Fire: Sling             |       |    30 |    21 |     3 |       |       |       ||    54
   Cast: Sting             |    43 |    80 |    72 |    35 |     3 |       |       ||   233
         Olgreb's Toxic Ra |       |     3 |    29 |    52 |   122 |    72 |    62 ||   340
         Mercury Vapours   |       |     3 |     8 |    12 |       |       |       ||    23
         Mephitic Cloud    |       |       |     5 |     8 |     9 |       |       ||    22
         Sticky Flame      |       |       |     3 |    25 |    47 |    83 |    22 ||   180
         Alistair's Intoxi |       |       |       |     2 |     4 |     1 |     1 ||     8
         Eringya's Noxious |       |       |       |       |    25 |    59 |    13 ||    97
         Fulminant Prism   |       |       |       |       |    38 |    83 |    30 ||   151
         Ignite Poison     |       |       |       |       |    22 |    76 |    37 ||   135
         Apportation       |       |       |       |       |     1 |       |       ||     1
         Irradiate         |       |       |       |       |       |    25 |    23 ||    48
         Blink             |       |       |       |       |       |     5 |     2 ||     7
         Yara's Violent Un |       |       |       |       |       |    30 |    23 ||    53
         Polar Vortex      |       |       |       |       |       |     1 |     2 ||     3
         Sculpt Simulacrum |       |       |       |       |       |       |    19 ||    19
         Summon Hydra      |       |       |       |       |       |       |     1 ||     1
         Death's Door      |       |       |       |       |       |       |     1 ||     1
 Invoke: Divine Exegesis   |       |       |       |       |       |     2 |     4 ||     6
         Channel Magic     |       |       |       |       |       |     2 |     1 ||     3
  Evoke: Wand              |       |     1 |       |     6 |     3 |       |     1 ||    11
         Lightning rod     |       |       |       |       |     4 |       |       ||     4
         Box of beasts     |       |       |       |       |       |       |     1 ||     1
    Use: Potion            |       |     2 |     3 |     4 |     1 |     8 |     1 ||    19
         Scroll            |       |       |    10 |     9 |    14 |     3 |    10 ||    46
   Stab: Confused          |       |       |     1 |       |     3 |       |       ||     4
         Distracted        |       |       |       |     2 |     7 |     3 |     2 ||    14
         Sleeping          |       |       |       |     1 |    12 |     7 |     2 ||    22
         Paralysed         |       |       |       |       |     2 |       |       ||     2
 Armour: Robe              |     8 |    20 |    93 |    22 |   244 |       |       ||   387
         Skin              |       |    14 |     4 |    77 |       |       |       ||    95
         Leather armour    |       |       |       |    56 |    29 |       |       ||    85
         Troll leather arm |       |       |       |   104 |    75 |       |       ||   179
         Steam dragon scal |       |       |       |       |    37 |   438 |   370 ||   845
  Dodge: Dodged            |    11 |    35 |   114 |   253 |   525 |   499 |   417 ||  1854
  Block: Buckler           |       |       |    29 |   108 |   181 |    88 |       ||   406
         Kite shield       |       |       |       |       |       |   311 |   279 ||   590
         Tower shield      |       |       |       |       |       |       |    50 ||    50

Table legend: (Time is in decaauts)
 A = Elapsed time spent in this place.
 B = Non-inter-level travel time spent in this place.
 C = Inter-level travel time spent in this place.
 D = Time resting spent in this place.
 E = Time spent auto-exploring this place.
 F = Levels seen in this place.
 G = Mean time per level.
                   A        B        C        D        E       F      G
               +--------+--------+--------+--------+--------+-----+--------+
         Total |  42373 |  40066 |   2307 |   4076 |  27171 |  38 | 1115.1 |
       Dungeon |  20241 |  18788 |   1453 |   2084 |  13243 |  15 | 1349.4 |
        Temple |     30 |     30 |      0 |      0 |      0 |   1 |   30.0 |
          Lair |   5776 |   5394 |    382 |    163 |   4257 |   5 | 1155.2 |
         Swamp |   3707 |   3582 |    125 |    332 |   2304 |   4 |  926.8 |
     Snake Pit |   6692 |   6508 |    184 |    908 |   3968 |   4 | 1673.0 |
  Orcish Mines |   2259 |   2140 |    119 |    296 |   1374 |   2 | 1129.5 |
   Elven Halls |   2585 |   2544 |     41 |     93 |   1713 |   3 |  861.7 |
         Abyss |     43 |     43 |      0 |     14 |      0 |   1 |   43.0 |
         Trove |     50 |     50 |      0 |      0 |      0 |   1 |   50.0 |
        Bailey |    373 |    373 |      0 |     18 |    249 |   1 |  373.0 |
      Ice Cave |    610 |    610 |      0 |    167 |     61 |   1 |  610.0 |
               +--------+--------+--------+--------+--------+-----+--------+

Top non-repeatable levels by time:
     D:5: 2564 daAuts
     D:8: 2250 daAuts
 Snake:4: 2085 daAuts
   Orc:2: 1807 daAuts
    D:11: 1732 daAuts
 Snake:1: 1730 daAuts
     D:9: 1705 daAuts
 Snake:2: 1533 daAuts
 Snake:3: 1343 daAuts
  Lair:5: 1340 daAuts
    D:14: 1273 daAuts
    D:13: 1250 daAuts
    D:10: 1241 daAuts
     D:7: 1206 daAuts
  Lair:4: 1172 daAuts
